 Dungeon Crawl Stone Soup version 0.22.1-6-g1668fe2c40 (webtiles) character file.

255 Riddle the Grave Robber (level 5, -4/41 HPs)
             Began as a Mummy Necromancer on Jan 17, 2019.
             Slain by a sky beast (5 damage)
             ... on level 3 of the Dungeon.
             The game lasted 00:05:15 (3537 turns).

Riddle the Grave Robber (Mummy Necromancer)         Turns: 3537, Time: 00:05:45

Health: -4/41      AC:  2    Str: 11    XL:     5   Next: 91%
Magic:  8/12       EV: 12    Int: 15    God:
Gold:   110        SH:  0    Dex: 13    Spells: 9/13 levels left

rFire    x . .     SeeInvis .   g - +1 dagger (venom)
rCold    + . .     Gourm    .   (no shield)
rNeg     + + +     Faith    .   a - +0 robe
rPois    ∞         Spirit   .   (no helmet)
rElec    .         Reflect  .   (no cloak)
rCorr    .         Harm     .   (no gloves)
MR       .....                  (no boots)
Stlth    +.........             (no amulet)
HPRegen  0.13/turn              (no ring)
MPRegen  0.13/turn              (no ring)

@: confused
A: no food or potions, fire vulnerability, cold resistance 1, negative energy
resistance 3, torment resistance, unbreathing
a: no special abilities


You were on level 3 of the Dungeon.
You were not hungry.

You visited 1 branch of the dungeon, and saw 4 of its levels.

You collected 110 gold pieces.

Inventory:

Hand Weapons
 g - a +1 dagger of venom (weapon)
Armour
 a - a +0 robe (worn)
 k - a +2 pair of gloves
Scrolls
 b - 2 scrolls of blinking {unknown}
 c - 2 scrolls of immolation {unknown}
 d - a scroll of identify {unknown}
 e - a scroll of amnesia {unknown}
 f - a scroll of enchant armour {unknown}
 h - a scroll of enchant weapon {unknown}
 i - a scroll of teleportation {unknown}
 j - a scroll of magic mapping {unknown}


   Skills:
 + Level 3.1 Fighting
 - Level 1.5 Dodging
 - Level 1.5 Stealth
 + Level 4.8 Spellcasting
 + Level 5.3 Necromancy


You had 9 spell levels left.
You knew the following spells:

 Your Spells              Type           Power        Failure   Level  Hunger
a - Pain                  Necr           ###.         1%          1    N/A
b - Vampiric Draining     Necr           ###.......   5%          3    N/A

Your spell library contained the following spells:

 Spells                   Type           Power        Failure   Level  Hunger
 Animate Skeleton         Necr           N/A          1%          1    N/A
 Animate Dead             Necr           N/A          19%         4    N/A
 Regeneration             Chrm/Necr      Unusable     N/A         3    N/A

Dungeon Overview and Level Annotations

Branches:
Dungeon (4/15)
 Temple: D:4-7

Altars:
Gozag
Hepliaklqana
Makhleb
Vehumet
Zin


Innate Abilities, Weirdness & Mutations

You do not eat or drink.
Your flesh is vulnerable to fire.
You are immune to poison.
Your flesh is cold resistant. (rC+)
You are immune to negative energy. (rN+++)
You are immune to unholy pain and torment.
You can survive without breathing.


Message History

Aim: an orc wizard, wielding a dagger of speed and wearing a robe (almost dead, The orc wizard writhes in agony!
The orc wizard casts a spell at you.
You are confused.
The orc wizard gestures wildly while chanting.
The orc wizard flickers and vanishes!
Deactivating autopickup; reactivate with Ctrl-A.
You're too confused to cast spells.
You bump into the rock wall.
You hear some strange, mumbled words.
Something tries to affect you, but you resist.
You're too confused to move!
Something hits you. The sky beast hits you. The sky beast shocks you.
A magic dart appears from out of thin air!
The magic dart hits you!
* * * LOW HITPOINT WARNING * * *
The sky beast flickers out of sight!
Something hits you.
* * * LOW HITPOINT WARNING * * *
Something shocks you.
You die...

#....###.#.........####.#O##
..## #.......#<..## #..#..# .
#...#..####[#####.###.## #
#..#.##.###O†#..........### ##.#
#.##.##.#o[.#.............#
#...##.##.##..O##...............
#...#..##.##...##....).....<....
#.......#.##...##........[.....#
#.......#.....{@...............#
#............!.##.........>....#
#.........####.###..............
#............................##.
#..........###.###.########### #
#.......#...##.# #.#
#.##....#....[.###.#
##.##....##.##..o##.#
.........##.###...#.#


You could see a two-headed ogre and an orc.

Vanquished Creatures
  A scorpion (D:4)
  A worker ant (D:4)
  A gnoll (D:1)
  7 adders
  An adder skeleton (D:4)
  2 worms
  4 dart slugs
  4 leopard geckos
  9 orcs
  10 bats
  6 giant cockroaches
  8 goblins
  8 hobgoblins
  A quokka (D:2)
  A ball python (D:2)
  9 frilled lizards
  6 kobolds
  A leopard gecko skeleton (D:4)
  8 rats
88 creatures vanquished.

Notes
Turn   | Place    | Note
-------+----------+-------------------------------------------
     0 | D:1      | Riddle the Mummy Necromancer began the quest for the Orb.
     0 | D:1      | Reached XP level 1. HP: 13/13 MP: 4/4
   170 | D:1      | Reached skill level 1 in Fighting
   170 | D:1      | Reached XP level 2. HP: 14/21 MP: 0/6
   668 | D:1      | Reached XP level 3. HP: 26/26 MP: 1/7
  1419 | D:2      | Learned a level 3 spell: Vampiric Draining
  1601 | D:2      | Reached XP level 4. HP: 33/33 MP: 2/9
  1874 | D:2      | Found a burning altar of Makhleb.
  1880 | D:2      | Found a radiant altar of Vehumet.
  1882 | D:2      | Found a hazy altar of Hepliaklqana.
  1886 | D:2      | Found a glowing silver altar of Zin.
  2445 | D:3      | Noticed a two-headed ogre
  2455 | D:3      | Noticed a sky beast
  2567 | D:2      | Reached XP level 5. HP: 32/39 MP: 1/11
  2868 | D:4      | Reached skill level 5 in Necromancy
  3453 | D:4      | Found an opulent altar of Gozag.
  3456 | D:4      | Noticed an ogre
  3537 | D:3      | HP: 1/41 [something (4)]
  3537 | D:3      | Slain by a sky beast

Skill      XL: |  1  2  3  4  5 |
---------------+----------------+-----
Fighting       | 1 2 3 |  3.1
Spellcasting   | 3 4 |  4.8
Necromancy     | 5 |  5.3
Dodging        | |  1.5
Stealth        | |  1.5

Action                   |  1- 3 |  4- 6 || total
-------------------------+-------+-------++-------
Melee: Unarmed           |     1 |       ||     1
       Dagger            |       |    19 ||    19
 Cast: Pain              |    69 |   121 ||   190
       Vampiric Draining |       |     2 ||     2
Armor: Robe              |     1 |    15 ||    16
Dodge: Dodged            |    18 |    67 ||    85
